 Dungeon Crawl Stone Soup version 0.29.1-4-g47bece8355 (webtiles) character file.

Game seed: 7229179136541283105

3 concernfroge the Trooper (level 1, 0/18 HPs)
             Began as a Mummy Monk on Dec 10, 2022.
             Slain by a ball python (3 damage)
             ... on level 1 of the Dungeon.
             The game lasted 00:00:22 (172 turns).

concernfroge the Trooper (Mummy Monk)                Turns: 172, Time: 00:00:22

Health: 0/18       AC:  2    Str: 14    XL:     1   Next: 41%
Magic:  1/1        EV:  9    Int:  9    God:
Gold:   11         SH:  0    Dex: 14    Spells: 0/0 levels left

rFire   x . .      SeeInvis .   a - +0 spear
rCold   + . .      Faith    .   (no shield)
rNeg    + + +      Spirit   .   b - +0 robe
rPois   ∞          Reflect  .   (no helmet)
rElec   .          Harm     .   (no cloak)
rCorr   .          Rampage  .   (no gloves)
Will    .....                   (no boots)
Stlth   ++........              (no amulet)
HPRegen 0.06/turn               (no ring)
MPRegen 0.07/turn               (no ring)

@: constricted
A: cold resistance 1, negative energy resistance 3, torment resistance 2, heat
vulnerability 1, no potions
a: no special abilities


You were on level 1 of the Dungeon.
You visited 1 branch of the dungeon, and saw 1 of its levels.

You collected 11 gold pieces.

Inventory:

Hand Weapons
 a - a +0 spear (weapon)
Armour
 b - a +0 robe (worn)
Scrolls
 c - a scroll of butterflies {unknown}


   Skills:
 + Level 3.2 Fighting
 - Level 2.4 Polearms
 - Level 2.4 Dodging
 - Level 1.5 Stealth


You couldn't memorise any spells.
You didn't know any spells.
Your spell library was empty.

Dungeon Overview and Level Annotations

Branches:
Dungeon (1/15)

Altars:


Innate Abilities, Weirdness & Mutations

You are immune to poison.
Your flesh is cold resistant. (rC+)
You are immune to negative energy. (rN+++)
You are immune to unholy pain and torment.
You are vulnerable to heat. (rF-)
You do not drink.


Message History

The ball python barely misses you.
You closely miss the rat.
The rat is heavily wounded.
The rat bites you but does no damage. The ball python misses you.
The ball python grabs you. The ball python constricts you.
You are too injured to fight recklessly!
You are too injured to fight recklessly!
You are too injured to fight recklessly!
You barely miss the ball python. The rat barely misses you.
The ball python bites you but does no damage.
The ball python constricts you.
You hit the ball python.
The ball python is moderately wounded.
The ball python bites you. The ball python constricts you.
The rat bites you but does no damage.
You closely miss the ball python.
The ball python is moderately wounded.
The ball python closely misses you. The ball python constricts you.
The rat closely misses you.
You barely miss the ball python.
The ball python is moderately wounded.
The ball python bites you but does no damage.
The ball python constricts you. The rat barely misses you.
The ball python barely misses you. The ball python constricts you.
You hit the ball python.
The ball python is severely wounded.
The rat bites you.
* * * LOW HITPOINT WARNING * * *
The ball python bites you but does no damage.
The ball python constricts you.
You closely miss the ball python.
The ball python is severely wounded.
The rat bites you.
* * * LOW HITPOINT WARNING * * *
The ball python bites you but does no damage.
The ball python constricts you.
You closely miss the ball python.
The ball python is severely wounded.
The ball python bites you.
You die...

##########
#######.........
........r...###
#....S@.....#
#.###.###.#.##
#.###.#.......
#.........# # #
#..##.#...#.#.#.
#. #.#.........
# #...........
#.#†##.##.## .
#.##.#.......#


You could see a ball python and a rat.

Vanquished Creatures
  A ball python (D:1)
  A goblin (D:1)
  A rat (D:1)
3 creatures vanquished.

Notes
Turn   | Place    | Note
-------+----------+-------------------------------------------
     0 | D:1      | concernfroge the Mummy Monk began the quest for the Orb.
     0 | D:1      | Reached XP level 1. HP: 18/18 MP: 1/1
    71 | D:1      | Found a faded altar of an unknown god.
   172 | D:1      | Slain by a ball python

Illustrated notes

Levels and vault maps discovered:
D:1:      evilmike_arrival_rings, layout_loops_ring,
          hellmonk_ecumenical_altar_heavens_door, hangedman_decor_riveting

Action                   || total
-------------------------++-------
Melee: Spear             ||    23
 Stab: Sleeping          ||     1
Armor: Robe              ||     9
Dodge: Dodged            ||    10
